 Dungeon Crawl Stone Soup version 0.31-a0-89-g637a80eef8 (webtiles) character file.

Game seed: 13310120969966497245

581 Colgate the Magician (level 7, -4/61 HPs)
             Began as a Meteoran Necromancer on May 25, 2023.
             Killed by nerve-wracking pain
             ... invoked by a shadow imp
              (14 damage)
             ... on level 6 of the Dungeon.
             The game lasted 00:14:52 (667 turns).

Colgate the Magician (Meteoran Necromancer)          Turns: 667, Time: 00:14:53

Health: -4/61      AC:  2    Str:  9    XL:     7   Next: 95%
Magic:  18/18      EV: 12    Int: 18    God:
Gold:   38         SH:  0    Dex: 16    Spells: 12/20 levels left

rFire   . . .        f - +0 quarterstaff
rCold   . . .        (shield currently unavailable)
rNeg    . . .        a - +0 robe
rPois   .            (no helmet)
rElec   .            (no cloak)
rCorr   .            (no gloves)
SInv    .            (no boots)
Will    .....        (no amulet)
Stlth   +            (no ring)
HPRegen 0.30/turn    (no ring)
MPRegen 0.16/turn

%: no passive effects
@: animating dead, glowing
A: sense surroundings 1, otherworldly, glowing, explore regen
a: no special abilities


You were on level 6 of the Dungeon.
You visited 1 branch of the dungeon, and saw 6 of its levels.

You collected 38 gold pieces.

Inventory:

Hand Weapons
 e - a +0 short sword
 f - a +0 quarterstaff (weapon)
Armour
 a - a +0 robe (worn)
Scrolls
 c - a scroll of fog {unknown}
 d - a scroll of identify {unknown}
 h - a scroll of vulnerability {unknown}
 i - a scroll of noise {unknown}
Potions
 g - a potion of berserk rage {unknown}
 j - a potion of heal wounds {unknown}


   Skills:
 - Level 5.0 Fighting
 - Level 2.4 Dodging
 - Level 1.4 Stealth
 + Level 7.1 Spellcasting
 - Level 5.0 Necromancy


You had 12 spell levels left.
You knew the following spells:

 Your Spells              Type           Power      Damage    Failure   Level
a - Necrotise             Necr           96%        1d8       1%          1
b - Vampiric Draining     Necr           24%        2d7       4%          3
c - Animate Dead          Necr           24%        N/A       13%         4

Your spell library contained the following spells:

 Spells                   Type           Power      Damage    Failure   Level
 Ozocubu's Armour         Ice            6%         N/A       32%         3
 Agony                    Necr           24%        N/A       36%         5
 Ozocubu's Refrigeration  Ice            3%         4d8       100%        7


Dungeon Overview and Level Annotations

Branches:
Dungeon (6/15) Zot: 2920
 Temple: D:4-7

Altars:

Shops:
D:6 *(

Portals:
Abyss: D:6

Annotations:
D:6 2 transporters, Longtemps's ghost, novice OpEE


Innate Abilities, Weirdness & Mutations

You passively map a small area around you.
You are easily found by Zot.
You glow in the dark.
You regain HP and MP as you explore.


Message History

You see here 3 stones.
A kobold brigand comes into view.
It is wielding a +2 dagger of holy wrath and quivering poisoned darts.
The kobold brigand shouts!
You hear a shout!
You completely miss the kobold brigand.
The kobold brigand hits you with a +2 dagger of holy wrath.
The kobold brigand hits you with a +2 dagger of holy wrath!
A shadow imp comes into view.
Found a scroll labelled MARIRPH LIMYO.
The kobold brigand misses you.
You hit the kobold brigand.
Your hound zombie bites the kobold brigand.
The kobold brigand hits you with a +2 dagger of holy wrath.
Your hound zombie misses the kobold brigand.
Casting: Vampiric Draining (dangerous; 4% risk of failure)
You dismiss your zombies and call upon the dead to rise afresh.
Your hound zombie crumbles into dust!
Your scorpion zombie crumbles into dust!
The kobold brigand hits you with a +2 dagger of holy wrath!
Unknown command.
Casting: Animate Dead (dangerous; 13% risk of failure)
Aiming: Vampiric Draining (dangerous; 4% risk of failure)
Aim: a kobold brigand, wielding a +2 dagger of holy wrath and quivering poisoned darts (lightly wounded)
You draw life force from the kobold brigand.
You feel life coursing into your body.
The kobold brigand hits you with a +2 dagger of holy wrath!
The shadow imp completely misses you.
The shadow imp attacks as you move away!
The shadow imp closely misses you.
The kobold brigand hits you with a +2 dagger of holy wrath!
* * * LOW HITPOINT WARNING * * *
The shadow imp gestures at you. You resist with significant effort.
You sock the kobold brigand!
The kobold brigand hits you with a +2 dagger of holy wrath.
* * * LOW HITPOINT WARNING * * *
Magic courses through your body.
The kobold brigand hits you with a +2 dagger of holy wrath.
* * * LOW HITPOINT WARNING * * *
The shadow imp gestures at you. Pain shoots through your body!
You die...

#......##
#.#
#..#.#..##
*#..
##.†.....#
* #.# #
#.#.#.#..
#...#
#........
,+.#?#
####...#.
#...#
####*
,#.#.# **
, #5K.#
*.. *#@###
... #...#
#... * .>.
#.#.# ..#
*#..##...#
.#
...#.#(#
.#
#..#...# #
#..#.#.#
##
#..#...#
.###
##..#†###


You could see a kobold brigand and a shadow imp.

Vanquished Creatures
  A water moccasin (D:6)
  A bullfrog (D:6)
  A scorpion (D:6)
  2 hounds
  An iguana (D:6)
  2 orc wizards (D:4)
  An adder (D:4)
  An orc (D:4)
  A bat (D:3)
  An endoplasm (D:2)
  2 giant cockroaches
  5 goblins
  3 hobgoblins
  2 jackals (D:3)
  2 ball pythons
  A kobold (D:4)
27 creatures vanquished.

Vanquished Creatures (collateral kills)
  A water moccasin (D:6)
  A jelly (D:6)
  2 iguanas (D:6)
  A dart slug (D:3)
  A hobgoblin (D:3)
6 creatures vanquished.

Vanquished Creatures (others)
  A water moccasin zombie (D:6)
  A bullfrog zombie (D:6)
2 creatures vanquished.

Grand Total: 35 creatures vanquished

Notes
Turn   | Place    | Note
-------+----------+-------------------------------------------
     0 | D:1      | Colgate the Meteoran Necromancer began the quest for the
                  | Orb.
     0 | D:1      | Reached XP level 1. HP: 14/14 MP: 5/5
    22 | D:1      | Reached skill level 3 in Spellcasting
    50 | D:1      | Reached XP level 2. HP: 14/20 MP: 1/7
   186 | D:3      | Reached skill level 4 in Spellcasting
   186 | D:3      | Reached XP level 3. HP: 18/26 MP: 4/9
   249 | D:3      | Learned a level 3 spell: Vampiric Draining
   257 | D:4      | Reached skill level 5 in Necromancy
   257 | D:4      | Reached XP level 4. HP: 22/33 MP: 4/11
   278 | D:4      | Learned a level 4 spell: Animate Dead
   374 | D:4      | Reached skill level 5 in Spellcasting
   374 | D:4      | Reached XP level 5. HP: 32/38 MP: 6/13
   416 | D:5      | Entered Level 5 of the Dungeon
   430 | D:6      | Noticed a bullfrog
   436 | D:6      | Killed a bullfrog
   437 | D:6      | Reached skill level 6 in Spellcasting
   437 | D:6      | Reached XP level 6. HP: 40/45 MP: 9/16
   437 | D:6      | Found Omamat's Elemental Accessories.
   448 | D:6      | Noticed a water moccasin
   456 | D:6      | Killed a water moccasin
   509 | D:6      | Found Uczarhis's Antique Weapon Emporium.
   519 | D:6      | Found a transporter.
   521 | D:6      | Found a transporter.
   536 | D:6      | Noticed an orc warrior
   557 | D:6      | Reached XP level 7. HP: 57/57 MP: 15/17
   574 | D:6      | Found a one-way gate to the infinite horrors of the Abyss.
   574 | D:6      | Noticed Longtemps's ghost (novice OpEE)
   600 | D:6      | Noticed a water moccasin
   607 | D:6      | Killed a water moccasin
   608 | D:6      | Reached skill level 5 in Fighting
   642 | D:6      | Reached skill level 7 in Spellcasting
   667 | D:6      | Killed from afar by a shadow imp

Illustrated notes

Levels and vault maps discovered:
D:1:      evilmike_arrival_plus, layout_basic
D:2:      layout_loops_cross, hellmonk_ecumenical_altar_run_dry
D:3:      layout_basic, chequers_temple_overflow_minitemple,
          gammafunk_ghost_grave
D:4:      layout_loops_cross
D:5:      layout_layer_cave, ashenzari_altar_1, minmay_temple_entry_fiery,
          serial_shops, shop, minmay_bent
D:6:      layout_layer_cave, bloody_makhleb, gammafunk_ghost_abyssal_escape,
          serial_shops, shop, nicolae_shop_trees, kennysheep_mini_moat, shop,
          shop, st_stairs_5, nicolae_elemental_shop, glass_columns_a,
          hangedman_minor_gate_pass

Skill      XL: |  1  2  3  4  5  6  7 |
---------------+----------------------+-----
Spellcasting   | 3 4 5 6 7 |  7.1
Necromancy     | 5 |  5.0
Fighting       | 3 5 |  5.0
Dodging        | |  2.4
Stealth        | |  1.4

Action                     |  1- 3 |  4- 6 |  7- 9 || total
---------------------------+-------+-------+-------++-------
  Melee: Quarterstaff      |     2 |    24 |    15 ||    41
   Cast: Necrotise         |    28 |    17 |    11 ||    56
         Vampiric Draining |     1 |     7 |     4 ||    12
         Animate Dead      |       |     1 |     2 ||     3
    Use: Potion            |       |       |     1 ||     1
   Stab: Distracted        |       |     1 |       ||     1
 Armour: Robe              |     1 |     5 |     3 ||     9
  Dodge: Dodged            |     4 |    18 |    13 ||    35

Table legend: (Time is in decaauts)
 A = Elapsed time spent in this place.
 B = Non-inter-level travel time spent in this place.
 C = Inter-level travel time spent in this place.
 D = Time resting spent in this place.
 E = Time spent auto-exploring this place.
 F = Levels seen in this place.
 G = Mean time per level.
                   A        B        C        D        E       F      G
               +--------+--------+--------+--------+--------+-----+--------+
         Total |    678 |    678 |      0 |      0 |     10 |   6 |  113.0 |
       Dungeon |    678 |    678 |      0 |      0 |     10 |   6 |  113.0 |
               +--------+--------+--------+--------+--------+-----+--------+

Top non-repeatable levels by time:
     D:6: 243 daAuts
     D:4: 188 daAuts
     D:3: 94 daAuts
     D:2: 68 daAuts
     D:1: 67 daAuts
     D:5: 15 daAuts
